 Dungeon Crawl Stone Soup version 0.31.0-32-g396128a36d (webtiles) character file.

Game seed: 2145282337796506250

1250 STUDIOUSBELIEVER the Trooper (level 8, 0/69 (74) HPs)
             Began as a Minotaur Fighter on Mar 28, 2024.
             Killed from afar by Jeremiah (15 damage)
             ... with a bolt of light
             ... on level 6 of the Dungeon.
             The game lasted 00:09:15 (5160 turns).

STUDIOUSBELIEVER the Trooper (Minotaur Fighter)     Turns: 5160, Time: 00:09:18

HP:   0/69 (74)     AC: 13    Str: 30    XL:     8   Next: 26%
MP:   7/7           EV:  7    Int:  5    God:
Gold: 125           SH:  0    Dex:  9    Spells: 7/7 levels left

rFire   . . .        n - +1 mace (protect)
rCold   . . .        c - +0 buckler
rNeg    . . .        t - +0 plate armour
rPois   .            (helmet restricted)
rElec   .            d - +0 cloak
rCorr   .            (no gloves)
SInv    .            (no boots)
Will    +....        (no amulet) Stlth
                     r - ring of willpower
HPRegen 0.31/turn    l - +6 ring of strength
MPRegen 0.10/turn

%: no passive effects
@: confused, drained
A: horns 2, retaliatory headbutt
a: no special abilities


You were on level 6 of the Dungeon.
You visited 1 branch of the dungeon, and saw 6 of its levels.

You collected 305 gold pieces.
You spent 180 gold pieces at shops.

Inventory:

Hand Weapons
 a - a +0 war axe
 n - a +1 mace of protection (weapon)
Armour
 c - a +0 buckler (worn)
 d - a +0 cloak (worn)
 t - a +0 plate armour (worn)
Jewellery
 l - a +6 ring of strength (right hand)
 r - a ring of willpower (left hand)
 u - the amulet "Moogux" {rElec Regen+}
   (You found it on level 6 of the Dungeon)

   [amulet of regeneration]

   rElec:     It insulates you from electricity.
   Regen+:    It increases your rate of health regeneration.
Wands
 s - a wand of digging (4)
Scrolls
 f - a scroll of immolation {unknown}
 g - 2 scrolls of revelation {unknown}
 j - 3 scrolls of teleportation {unknown}
 p - 2 scrolls of enchant weapon {unknown}
Potions
 b - a potion of cancellation {unknown}
 e - a potion of invisibility
 h - a potion of brilliance {unknown}
 i - 6 potions of curing
 k - a potion of degeneration {unknown}
 o - 2 potions of berserk rage {unknown}
 q - a potion of ambrosia {unknown}


   Skills:
 * Level 7.7 Fighting
 * Level 7.0 Axes
 + Level 6.0 Armour
 - Level 5.0 Shields
 + Level 2.9 Evocations


You had 7 spell levels left.
You didn't know any spells.
Your spell library contained the following spells:

 Spells                   Type           Power      Damage    Failure   Level
 Foxfire                  Conj/Fire      0%         2x1d4     99%         1
 Cigotuvi's Dreadful Rot  Necr/Alch/Air  0%         N/A       100%        2
 Hailstorm                Conj/Ice       0%         3d5       100%        3
 Summon Ice Beast         Ice/Summ       0%         N/A       100%        3
 Tukima's Dance           Hex            0%         N/A       100%        3
 Dimensional Bullseye     Hex/Tloc       0%         N/A       100%        4
 Ignite Poison            Fire/Alch      0%         N/A       100%        4
 Iskenderun's Mystic Bla  Conj/Tloc      0%         2d3       100%        4
 Freezing Cloud           Conj/Ice/Air   0%         6-21      100%        5
 Silence                  Hex/Air        0%         N/A       100%        5
 Plasma Beam              Fire/Air       0%         2x1d10    100%        6
 Sculpt Simulacrum        Ice/Alch       0%         N/A       100%        6


Dungeon Overview and Level Annotations

Branches:
Dungeon (6/15)
 Temple: D:4-7

Altars:

Shops:
D:2 =   D:4 =   D:5 (   D:6 *([

Annotations:
D:6 Jeremiah


Innate Abilities, Weirdness & Mutations

You have a pair of horns on your head.
You reflexively headbutt those who attack you in melee.


Message History

You are confused.
You bump into the rock wall.
The butterfly disappears in a burst of colours!
Jeremiah hops!
You feel less confused.
You hit the butterfly.
Your weapon exudes an aura of protection.
You kill the butterfly!
The butterfly disappears in a burst of colours!
Jeremiah mumbles a slurred invocation.
Something smites you!
You hear a shout!
The butterfly disappears in a burst of colours!
The butterfly disappears in a burst of colours!
An orc comes into view. It is wielding a +0 dagger.
Press: ? - help, v - describe, . - travel
Here: Jeremiah, wielding a +2 trident of draining, wearing a +0 robe, wearing an orb of guile and carrying a wand of light (heavily wounded)
The floor.
The butterfly disappears in a burst of colours!
The butterfly disappears in a burst of colours!
An orc comes into view. It is wielding a +0 hand axe.
You are too injured to fight recklessly!
Jeremiah hits you but does no damage.
You feel drained.
You barely miss the butterfly.
Jeremiah hits you from afar with a +2 trident of draining.
You feel drained.
You barely miss the butterfly. Your headbutt misses the butterfly.
The butterfly disappears in a burst of colours!
Jeremiah lets out a twisted cry.
Something smites you!
* * * LOW HITPOINT WARNING * * *
You closely miss the butterfly. Your headbutt misses the butterfly.
The orc hits you but does no damage.
Jeremiah zaps a wand.
The bolt of light hits the butterfly!
The butterfly dies!
The butterfly disappears in a burst of colours!
The bolt of light hits you!
You are confused.
You die...
Jeremiah asks, "What happened?
Did... did you die?"

##### . #...# . #.>.# #.
#...#### .##.### ...b...###
.......###b.....b..
..#......bFb.......
.#b.....##.##°.....
..........@##.......
.##.#..##.bo.........
#..#.##...........#
...........##............#.
###....#....#........#...#.
#.....#...#............#.
#.......#........#...#...
####.#.#........###......
#.#...........##......


You could see Jeremiah and an orc.

Vanquished Creatures
  Sigmund (D:4)
  A steam dragon (D:4)
  A black bear (D:6)
  An ice beast (D:6)
  A centaur (D:6)
  An ogre (D:6)
  A phantom (D:6)
  Blork the orc (D:4)
  3 hounds
  3 orc priests
  An iguana (D:3)
  A sleepcap (D:4)
  Terence (D:2)
  2 orc wizards
  3 gnolls (D:4)
  3 adders
  3 ribbon worms
  24 orcs
  6 endoplasms
  A giant cockroach (D:1)
  5 goblins
  8 hobgoblins
  2 quokkas
  7 ball pythons
  4 bats
  5 frilled lizards
  9 kobolds
  3 rats
102 creatures vanquished.

Notes
Turn   | Place    | Note
-------+----------+-------------------------------------------
     0 | D:1      | STUDIOUSBELIEVER the Minotaur Fighter began the quest for
                  | the Orb.
     0 | D:1      | Reached XP level 1. HP: 19/19 MP: 0/0
   128 | D:1      | Reached XP level 2. HP: 27/27 MP: 1/1
   555 | D:1      | Got the Incunabulum of Gusts and the Dragon
   848 | D:2      | Found Egopn's Jewellery Shoppe.
  1116 | D:2      | Reached XP level 3. HP: 32/33 MP: 2/2
  1250 | D:2      | Noticed Terence
  1254 | D:2      | Killed Terence
  1972 | D:3      | Reached XP level 4. HP: 27/41 MP: 3/3
  2337 | D:3      | Reached skill level 5 in Fighting
  2337 | D:3      | Reached XP level 5. HP: 35/48 MP: 4/4
  2774 | D:3      | Reached skill level 1 in Evocations
  3081 | D:4      | Noticed Blork the orc
  3108 | D:4      | Killed Blork the orc
  3109 | D:4      | Reached XP level 6. HP: 38/56 MP: 5/5
  3455 | D:4      | Found Kueseu's Jewellery Shop.
  3595 | D:4      | Noticed Sigmund
  3604 | D:4      | Killed Sigmund
  3605 | D:4      | Reached skill level 5 in Axes
  3662 | D:4      | Noticed a steam dragon
  3675 | D:4      | Killed a steam dragon
  3676 | D:4      | Reached skill level 5 in Armour
  3676 | D:4      | Reached skill level 5 in Shields
  3676 | D:4      | Reached XP level 7. HP: 7/63 MP: 6/6
  4073 | D:5      | Entered Level 5 of the Dungeon
  4424 | D:5      | Found Iczuarudgh's Firing Range.
  4806 | D:6      | Found Ruuskir's Weapon Shoppe.
  4806 | D:6      | Found Ugiv's Assorted Antiques.
  4871 | D:6      | Reached XP level 8. HP: 39/73 MP: 7/7
  4979 | D:6      | Found Pall's Antique Armour Shoppe.
  4985 | D:6      | Bought a potion of curing for 90 gold pieces
  4985 | D:6      | Bought a potion of curing for 90 gold pieces
  4993 | D:6      | Identified the amulet "Moogux" {rElec Regen+}
  5134 | D:6      | Noticed Jeremiah
  5160 | D:6      | Killed from afar by Jeremiah

Illustrated notes

Levels and vault maps discovered:
D:1:      dpeg_arrival_tiny_f, layout_basic, minmay_tetromino_o2
D:2:      layout_basic, serial_shops, shop, minmay_crystal_water,
          hangedman_decor_points, minmay_misc_feat_alley, uniq_terence
D:3:      layout_basic
D:4:      layout_loops_ring, serial_shops, nicolae_shop_pleasant_corner_grove,
          uniq_blork_the_orc, uniq_sigmund
D:5:      layout_basic, nicolae_overflow_hidden_temple,
          nicolae_shop_firing_range
D:6:      layout_rooms, serial_shops, nicolae_shop_stone,
          nicolae_shop_advertising_works [nicolae_subvault_shop_adworks], shop,
          nicolae_shop_crystal, hangedman_abyss_or_decor_lesser_grid,
          serial_library_regret_index_double_sided, uniq_jeremiah

Skill      XL: |  1  2  3  4  5  6  7  8 |
---------------+-------------------------+-----
Fighting       | 4 5 6 7 |  7.7
Axes           | 3 4 5 6 7 |  7.0
Armour         | 4 5 6 |  6.0
Shields        | 4 5 |  5.0
Evocations     | 1 2 |  2.9

Action                     |  1- 3 |  4- 6 |  7- 9 || total
---------------------------+-------+-------+-------++-------
  Melee: War axe           |    43 |       |       ||    43
         Headbutt          |     8 |    13 |    17 ||    38
         Mace              |    28 |    99 |   107 ||   234
  Evoke: Wand              |       |       |     3 ||     3
    Use: Scroll            |     2 |     2 |       ||     4
         Potion            |       |     6 |     1 ||     7
 Armour: Scale mail        |    45 |    58 |       ||   103
         Chain mail        |       |    44 |    61 ||   105
         Plate armour      |       |       |    61 ||    61
  Dodge: Dodged            |    29 |    48 |    52 ||   129
  Block: Buckler           |    17 |    17 |    28 ||    62
